Canadiens vs Devils

Created - 23 mars 2021 at 20:30

Goals
1 2 3 T
Canadiens 1 0 1 2
Devils 0 1 3 4
Shots
1 2 3 T
Canadiens 6 5 14 25
Devils 4 14 17 35

1st period

1. Canadiens , David Krejci 10 (Josh Morrissey 31, Jakob Silfverberg 19) at 0:41 (PP)

Penalties :
Ryan Suter (NJD) for Interference (Minor) at 0:25

2nd period

2. Devils , Tyler Bozak 12 (Justin Schultz 23, Zack Smith 15) at 17:10

Penalties :
Ilya Kovalchuk (MTL) for Boarding (Minor) at 14:03, Nate Schmidt (MTL) for Hooking (Minor) at 18:18

3rd period

3. Devils , Chris Kreider 19 (Cale Makar 35, Nicklas Backstrom 37) at 6:09
4. Devils , T.J. Oshie 21 (Ryan Suter 47, Nicklas Backstrom 38) at 12:18
5. Devils , Mike Hoffman 23 (Nicklas Backstrom 39, Travis Konecny 18) at 13:58 (PP)
6. Canadiens , Loui Eriksson 5 (Ivan Provorov 40, Cam Fowler 44) at 19:05

Penalties :
Ilya Kovalchuk (MTL) for Hooking (Minor) at 13:11

Goalie Stats

Tuukka Rask (MTL), 31 saves from 35 shots - (0,886), L, 26-21-3, 60:00 minutes
Marc-Andre Fleury (NJD), 23 saves from 25 shots - (0,920), W, 24-25-6, 60:00 minutes

Players Stats for Canadiens

Player Name              G  A  P  +/- PIM S  H  SB GA TA FO     MP     PP MP  PK MP  
------------------------------------------------------------------------------------
Artturi Lehkonen         0  0  0   1  0   0  0  0  0  0  0/2     8:21   0:00   1:24 
Auston Matthews          0  0  0  -2  0   0  1  0  0  0  11/30  21:06   0:00   0:20 
Cam Fowler               0  1  1   1  0   0  0  2  0  0  0/0    23:26   0:00   2:34 
Colin White              0  0  0  -1  0   1  0  0  0  0  5/12   11:53   0:00   0:00 
Danny DeKeyser           0  0  0  -1  0   1  2  2  0  0  0/0    15:40   0:00   1:06 
David Krejci             1  0  1   0  0   3  1  0  0  0  8/18   15:39   0:16   0:00 
Ilya Kovalchuk           0  0  0   0  4   3  0  0  0  0  0/2    15:37   0:16   0:00 
Ivan Provorov            0  1  1   0  0   0  6  2  0  0  0/0    26:27   0:00   2:34 
Jakob Silfverberg        0  1  1   0  0   4  0  0  0  0  0/2    16:30   0:16   0:51 
Josh Morrissey           0  1  1  -1  0   1  1  1  0  0  0/0    18:59   0:16   2:11 
Loui Eriksson            1  0  1   1  0   1  0  0  0  0  0/0    10:03   0:00   3:06 
Nate Schmidt             0  0  0  -2  2   1  1  5  0  0  0/0    21:12   0:16   1:05 
Nick Shore               0  0  0   1  0   0  0  0  0  0  8/15   10:05   0:00   3:08 
Patrick Kane             0  0  0  -2  0   3  2  0  0  0  0/0    20:46   0:00   0:00 
Teuvo Teravainen         0  0  0  -2  0   1  1  1  0  0  0/1    20:46   0:00   0:00 
Travis Sanheim           0  0  0  -1  0   1  2  1  0  0  0/0    14:15   0:00   0:00 
Tyler Ennis              0  0  0  -1  0   3  0  0  0  0  0/3    11:53   0:00   0:00 
Valeri Nichushkin        0  0  0  -1  0   2  1  0  0  0  0/0    12:34   0:00   0:41 

Players Stats for Devils

Player Name              G  A  P  +/- PIM S  H  SB GA TA FO     MP     PP MP  PK MP  
------------------------------------------------------------------------------------
Brian Boyle              0  0  0   0  0   0  1  0  0  0  4/7     7:02   0:00   0:16 
Bryan Little             0  0  0   0  0   0  1  0  0  0  0/0     7:02   0:00   0:16 
Cale Makar               0  1  1   0  0   1  1  2  0  0  0/0    20:44   2:37   0:00 
Chris Kreider            1  0  1   1  0   4  0  1  0  0  0/0    18:33   2:37   0:00 
Damon Severson           0  0  0   1  0   3  2  0  0  0  0/0    21:25   2:08   0:00 
Evgeni Malkin            0  0  0   0  0   3  4  0  0  0  14/25  18:47   2:37   0:00 
Justin Schultz           0  1  1   1  0   0  0  0  0  0  0/0    17:51   0:00   0:16 
Mathieu Joseph           0  0  0   0  0   1  0  0  0  0  0/0     6:46   0:00   0:00 
Mike Hoffman             1  0  1   0  0   1  1  0  0  0  2/3    18:18   2:08   0:00 
Mikhail Sergachev        0  0  0   1  0   1  2  1  0  0  0/0    19:43   2:08   0:00 
Nicklas Backstrom        0  3  3   1  0   4  0  0  0  0  18/26  18:04   2:08   0:00 
Niklas Hjalmarsson       0  0  0   0  0   0  1  2  0  0  0/0    18:23   0:00   0:16 
Ryan Suter               0  1  1   1  2   2  0  0  0  0  0/0    21:53   2:37   0:00 
Sam Reinhart             0  0  0   0  0   2  1  0  0  0  1/3    16:10   0:00   0:00 
T.J. Oshie               1  0  1   1  0   3  2  0  0  0  2/3    18:33   2:37   0:00 
Travis Konecny           0  1  1   1  0   5  1  0  0  0  0/0    18:15   2:08   0:00 
Tyler Bozak              1  0  1   1  0   4  1  0  0  0  12/18  16:07   0:00   0:00 
Zack Smith               0  1  1   1  0   1  2  0  0  0  0/0    16:07   0:00   0:00 

3 Stars

1 - Nicklas Backstrom (NJD)
2 - T.J. Oshie (NJD)
3 - Tyler Bozak (NJD)

Power Play

Canadiens - 1 on 1 Attempt(s) - 100,00%
Devils - 1 on 3 Attempt(s) - 33,33%

Penalty Kill

Canadiens - 2 on 3 Attempt(s) - 66,67% - Score 0 goal in Penalty Kill
Devils - 0 on 1 Attempt(s) - 0,00% - Score 0 goal in Penalty Kill

Team Stat

Canadiens - Hits : 18 - Faceoff Wins : 32 - Blocked Shots : 14 - Penalty Minutes : 6
Devils - Hits : 20 - Faceoff Wins : 53 - Blocked Shots : 6 - Penalty Minutes : 2

Official

Referees : Marc Joannette and Kelly Sutherland
Linesman : Jesse Marquis and Colin Gates

Game Notes

No Game Note

Finance

Level 1 -- Attendance: 6000 (100,00%) -- Ticket Income 672 000 $
Level 2 -- Attendance: 5000 (100,00%) -- Ticket Income 405 000 $
Level 3 -- Attendance: 2000 (100,00%) -- Ticket Income 160 000 $
Level 4 -- Attendance: 3107 (85,71%) -- Ticket Income 46 605 $
Luxury Box -- Attendance: 974 (97,40%) -- Ticket Income 189 930 $
Game was played at the Prudential Center.
Total Attendance: 17081 (96,91%)
Total Ticket Income: 1 473 535 $
Other Income: 722 032 $
Total Income: 2 195 567 $

% Time on Ice - Canadiens

Lines # - Real PCT - Wanted PCT - Time Play
Normal Forward
1 - 38% - 40% - 20:46
2 - 28% - 30% - 15:23
3 - 22% - 20% - 11:53
4 - 13% - 10% - 6:57
Normal Defense
1 - 38% - 40% - 20:52
2 - 30% - 30% - 16:29
3 - 26% - 20% - 14:15
4 - 6% - 10% - 3:23
PP Forward
1 - 0% - 60% - 0:00
2 - 100% - 40% - 0:16
PP Defense
1 - 0% - 60% - 0:00
2 - 100% - 40% - 0:16
PK Forward
1 - 82% - 60% - 3:54
2 - 18% - 40% - 0:51
PK Defense
1 - 54% - 60% - 2:34
2 - 46% - 40% - 2:11
PK3 Forward
1 - 0% - 60%
2 - 0% - 40%
PK3 Defense
1 - 0% - 60%
2 - 0% - 40%
44 Forward
1 - 0% - 60%
2 - 0% - 40%
44 Defense
1 - 0% - 60%
2 - 0% - 40%
Last Minute Offensive  - 0:00
Last Minute Defensive  - 0:00
Total
Forward - 60:00
Defense - 60:00

% Time on Ice - Devils

Lines # - Real PCT - Wanted PCT - Time Play
Normal Forward
1 - 29% - 32% - 16:07
2 - 29% - 32% - 15:56
3 - 29% - 32% - 16:10
4 - 12% - 4% - 6:46
Normal Defense
1 - 33% - 33% - 18:17
2 - 33% - 32% - 18:07
3 - 32% - 32% - 17:35
4 - 2% - 3% - 1:00
PP Forward
1 - 55% - 60% - 2:37
2 - 45% - 40% - 2:08
PP Defense
1 - 55% - 60% - 2:37
2 - 45% - 40% - 2:08
PK Forward
1 - 100% - 60% - 0:16
2 - 0% - 40% - 0:00
PK Defense
1 - 100% - 60% - 0:16
2 - 0% - 40% - 0:00
PK3 Forward
1 - 0% - 60%
2 - 0% - 40%
PK3 Defense
1 - 0% - 60%
2 - 0% - 40%
44 Forward
1 - 0% - 60%
2 - 0% - 40%
44 Defense
1 - 0% - 60%
2 - 0% - 40%
Last Minute Offensive  - 0:00
Last Minute Defensive  - 0:00
Total
Forward - 60:00
Defense - 60:00

Play-by-Play

1st period


0:01 of 1st period - Tyler Bozak wins face-off versus Auston Matthews in neutral zone.
0:25 of 1st period - Minor Penalty to Ryan Suter for Interference.
0:26 of 1st period - David Krejci wins face-off versus Brian Boyle in Devils zone.
0:41 of 1st period - Shot by David Krejci.
0:41 of 1st period - Goal by David Krejci - Canadiens : 1 - Devils : 0.
0:42 of 1st period - Colin White wins face-off versus Nicklas Backstrom in neutral zone.
0:42 of 1st period - Danny DeKeyser is hit by T.J. Oshie and loses puck.
0:53 of 1st period - Shot by Tyler Ennis.
0:53 of 1st period - Stopped by Marc-Andre Fleury without a rebound.
0:54 of 1st period - Evgeni Malkin wins face-off versus David Krejci in Devils zone.
1:51 of 1st period - Patrick Kane is hit by Evgeni Malkin and loses puck.
2:36 of 1st period - Shot by T.J. Oshie.
2:36 of 1st period - Shot Misses the Net.
2:52 of 1st period - Shot by Valeri Nichushkin.
2:52 of 1st period - Shot Misses the Net.
2:54 of 1st period - Shot by Danny DeKeyser.
2:54 of 1st period - Stopped by Marc-Andre Fleury with a rebound.
2:56 of 1st period - Shot by Colin White.
2:56 of 1st period - Shot Blocked by Chris Kreider.
3:00 of 1st period - Shot by Colin White.
3:00 of 1st period - Stopped by Marc-Andre Fleury with a rebound.
3:02 of 1st period - Shot by Valeri Nichushkin.
3:02 of 1st period - Shot Blocked by Mikhail Sergachev.
3:22 of 1st period - Off-side.
3:23 of 1st period - Tyler Bozak wins face-off versus David Krejci in neutral zone.
3:30 of 1st period - Off-side.
3:31 of 1st period - David Krejci wins face-off versus Tyler Bozak in neutral zone.
3:31 of 1st period - Ivan Provorov is hit by Zack Smith and loses puck.
3:53 of 1st period - Shot by Travis Konecny.
3:53 of 1st period - Shot Misses the Net.
4:38 of 1st period - Josh Morrissey is hit by Mike Hoffman and loses puck.
5:20 of 1st period - Shot by Mathieu Joseph.
5:20 of 1st period - Shot Misses the Net.
5:22 of 1st period - Shot by Mathieu Joseph.
5:22 of 1st period - Shot Blocked by Nate Schmidt.
6:02 of 1st period - Shot by T.J. Oshie.
6:02 of 1st period - Shot Misses the Net.
6:47 of 1st period - Icing by Cam Fowler.
6:48 of 1st period - Evgeni Malkin wins face-off versus Tyler Ennis in Canadiens zone.
7:11 of 1st period - Shot by Evgeni Malkin.
7:11 of 1st period - Shot Blocked by Cam Fowler.
7:43 of 1st period - Shot by Travis Konecny.
7:43 of 1st period - Shot Misses the Net.
9:11 of 1st period - Damon Severson is hit by Patrick Kane and loses puck.
9:52 of 1st period - Shot by Nick Shore.
9:52 of 1st period - Shot Misses the Net.
10:17 of 1st period - Icing by Chris Kreider.
10:18 of 1st period - Nicklas Backstrom wins face-off versus David Krejci in Devils zone.
10:31 of 1st period - Shot by David Krejci.
10:31 of 1st period - Shot Blocked by Niklas Hjalmarsson.
10:33 of 1st period - Shot by Cam Fowler.
10:33 of 1st period - Shot Blocked by Cale Makar.
10:35 of 1st period - Shot by David Krejci.
10:35 of 1st period - Stopped by Marc-Andre Fleury with a rebound.
10:42 of 1st period - Icing by Nicklas Backstrom.
10:43 of 1st period - Nicklas Backstrom wins face-off versus Tyler Ennis in Devils zone.
10:52 of 1st period - Off-side.
10:53 of 1st period - Auston Matthews wins face-off versus Evgeni Malkin in neutral zone.
11:04 of 1st period - Icing by Ryan Suter.
11:05 of 1st period - David Krejci wins face-off versus Mike Hoffman in Devils zone.
11:05 of 1st period - David Krejci is hit by Damon Severson.
12:03 of 1st period - Shot by Tyler Bozak.
12:03 of 1st period - Shot Misses the Net.
12:50 of 1st period - Patrick Kane is hit by Cale Makar and loses puck.
13:07 of 1st period - Shot by Auston Matthews.
13:07 of 1st period - Shot Blocked by Cale Makar.
13:54 of 1st period - T.J. Oshie is hit by Teuvo Teravainen and loses puck.
14:30 of 1st period - Off-side.
14:31 of 1st period - Tyler Bozak wins face-off versus Nick Shore in neutral zone.
15:07 of 1st period - Icing by Mikhail Sergachev.
15:08 of 1st period - Tyler Bozak wins face-off versus Tyler Ennis in Devils zone.
15:28 of 1st period - Josh Morrissey is hit by Niklas Hjalmarsson and loses puck.
15:31 of 1st period - Shot by Nate Schmidt.
15:31 of 1st period - Stopped by Marc-Andre Fleury without a rebound.
15:32 of 1st period - David Krejci wins face-off versus Evgeni Malkin in Devils zone.
15:42 of 1st period - Off-side.
15:43 of 1st period - Nick Shore wins face-off versus T.J. Oshie in neutral zone.
16:19 of 1st period - Shot by Chris Kreider.
16:19 of 1st period - Shot Blocked by Danny DeKeyser.
16:21 of 1st period - Shot by T.J. Oshie.
16:21 of 1st period - Stopped by Tuukka Rask with a rebound.
16:23 of 1st period - Shot by Chris Kreider.
16:23 of 1st period - Stopped by Tuukka Rask with a rebound.
16:55 of 1st period - Shot by Evgeni Malkin.
16:55 of 1st period - Stopped by Tuukka Rask with a rebound.
17:54 of 1st period - Shot by Travis Konecny.
17:54 of 1st period - Shot Misses the Net.
17:56 of 1st period - Shot by Travis Konecny.
17:56 of 1st period - Shot Misses the Net.
17:58 of 1st period - Shot by Justin Schultz.
17:58 of 1st period - Shot Misses the Net.
18:21 of 1st period - Ivan Provorov is hit by Brian Boyle.
18:28 of 1st period - Icing by Cale Makar.
18:29 of 1st period - David Krejci wins face-off versus Brian Boyle in Devils zone.
18:43 of 1st period - Icing by David Krejci.
18:44 of 1st period - Evgeni Malkin wins face-off versus David Krejci in Canadiens zone.
18:47 of 1st period - Shot by Evgeni Malkin.
18:47 of 1st period - Stopped by Tuukka Rask without a rebound.
18:48 of 1st period - Mike Hoffman wins face-off versus Colin White in Canadiens zone.
18:48 of 1st period - Mike Hoffman is hit by Ivan Provorov.
19:01 of 1st period - Icing by Ivan Provorov.
19:02 of 1st period - Colin White wins face-off versus Tyler Bozak in Canadiens zone.
19:02 of 1st period - Colin White is hit by Zack Smith.
19:19 of 1st period - Shot by Travis Konecny.
19:19 of 1st period - Shot Misses the Net.
19:52 of 1st period - Jakob Silfverberg is hit by Mikhail Sergachev and loses puck.
Goals for this period are 1 for Canadiens vs 0 for Devils.
Shots for this period are 6 for Canadiens vs 4 for Devils.

2nd period


0:01 of 2nd period - Auston Matthews wins face-off versus Evgeni Malkin in neutral zone.
0:55 of 2nd period - Off-side.
0:56 of 2nd period - Nicklas Backstrom wins face-off versus David Krejci in neutral zone.
1:14 of 2nd period - Shot by Nicklas Backstrom.
1:14 of 2nd period - Shot Blocked by Nate Schmidt.
1:56 of 2nd period - Shot by Travis Konecny.
1:56 of 2nd period - Deflect By Tyler Bozak.
1:56 of 2nd period - Stopped by Tuukka Rask without a rebound.
1:57 of 2nd period - Brian Boyle wins face-off versus Auston Matthews in Canadiens zone.
2:02 of 2nd period - Shot by Mathieu Joseph.
2:02 of 2nd period - Stopped by Tuukka Rask with a rebound.
2:05 of 2nd period - Icing by Ivan Provorov.
2:06 of 2nd period - Tyler Bozak wins face-off versus Auston Matthews in Canadiens zone.
2:48 of 2nd period - Teuvo Teravainen is hit by Mikhail Sergachev and loses puck.
3:54 of 2nd period - Shot by Josh Morrissey.
3:54 of 2nd period - Stopped by Marc-Andre Fleury with a rebound.
4:07 of 2nd period - Icing by Ilya Kovalchuk.
4:08 of 2nd period - Nicklas Backstrom wins face-off versus David Krejci in Canadiens zone.
4:43 of 2nd period - Shot by Nicklas Backstrom.
4:43 of 2nd period - Shot Misses the Net.
4:46 of 2nd period - Icing by Ivan Provorov.
4:47 of 2nd period - Evgeni Malkin wins face-off versus Auston Matthews in Canadiens zone.
4:48 of 2nd period - Shot by Damon Severson.
4:48 of 2nd period - Stopped by Tuukka Rask without a rebound.
4:49 of 2nd period - Auston Matthews wins face-off versus Evgeni Malkin in Canadiens zone.
4:58 of 2nd period - Shot by Patrick Kane.
4:58 of 2nd period - Stopped by Marc-Andre Fleury without a rebound.
4:59 of 2nd period - Evgeni Malkin wins face-off versus Colin White in Devils zone.
5:18 of 2nd period - Shot by Tyler Ennis.
5:18 of 2nd period - Shot Misses the Net.
5:34 of 2nd period - Shot by Sam Reinhart.
5:34 of 2nd period - Shot Misses the Net.
5:48 of 2nd period - Ryan Suter is hit by Ivan Provorov and loses puck.
6:13 of 2nd period - Shot by Chris Kreider.
6:13 of 2nd period - Stopped by Tuukka Rask with a rebound.
6:15 of 2nd period - Shot by Chris Kreider.
6:15 of 2nd period - Shot Blocked by Josh Morrissey.
6:17 of 2nd period - Shot by Nicklas Backstrom.
6:17 of 2nd period - Stopped by Tuukka Rask without a rebound.
6:18 of 2nd period - Brian Boyle wins face-off versus David Krejci in Canadiens zone.
6:18 of 2nd period - Brian Boyle is hit by Travis Sanheim.
6:54 of 2nd period - Shot by Jakob Silfverberg.
6:54 of 2nd period - Stopped by Marc-Andre Fleury without a rebound.
6:55 of 2nd period - T.J. Oshie wins face-off versus Auston Matthews in Devils zone.
7:14 of 2nd period - Shot by Nicklas Backstrom.
7:14 of 2nd period - Stopped by Tuukka Rask without a rebound.
7:15 of 2nd period - Nick Shore wins face-off versus Evgeni Malkin in Canadiens zone.
7:50 of 2nd period - Mike Hoffman is hit by Ivan Provorov and loses puck.
8:16 of 2nd period - Off-side.
8:17 of 2nd period - Nicklas Backstrom wins face-off versus Auston Matthews in neutral zone.
8:36 of 2nd period - Shot by Nicklas Backstrom.
8:36 of 2nd period - Shot Misses the Net.
8:47 of 2nd period - Icing by Josh Morrissey.
8:48 of 2nd period - Tyler Bozak wins face-off versus Auston Matthews in Canadiens zone.
8:49 of 2nd period - Shot by Zack Smith.
8:49 of 2nd period - Shot Misses the Net.
8:51 of 2nd period - Shot by Zack Smith.
8:51 of 2nd period - Shot Blocked by Teuvo Teravainen.
9:01 of 2nd period - Shot by Tyler Bozak.
9:01 of 2nd period - Deflect By Travis Konecny.
9:01 of 2nd period - Shot Misses the Net.
9:03 of 2nd period - Shot by Zack Smith.
9:03 of 2nd period - Deflect By Tyler Bozak.
9:03 of 2nd period - Shot Blocked by Nate Schmidt.
9:33 of 2nd period - Shot by Ilya Kovalchuk.
9:33 of 2nd period - Stopped by Marc-Andre Fleury without a rebound.
9:34 of 2nd period - Nicklas Backstrom wins face-off versus David Krejci in Devils zone.
10:44 of 2nd period - Shot by Tyler Ennis.
10:44 of 2nd period - Shot Misses the Net.
11:00 of 2nd period - Shot by Valeri Nichushkin.
11:00 of 2nd period - Stopped by Marc-Andre Fleury without a rebound.
11:01 of 2nd period - Auston Matthews wins face-off versus Tyler Bozak in Devils zone.
11:23 of 2nd period - Zack Smith is hit by Josh Morrissey and loses puck.
11:40 of 2nd period - Shot by Auston Matthews.
11:40 of 2nd period - Shot Blocked by Niklas Hjalmarsson.
11:43 of 2nd period - Icing by Niklas Hjalmarsson.
11:44 of 2nd period - Nick Shore wins face-off versus Tyler Bozak in Devils zone.
12:49 of 2nd period - Off-side.
12:50 of 2nd period - Brian Boyle wins face-off versus Auston Matthews in neutral zone.
13:43 of 2nd period - Ryan Suter is hit by David Krejci.
13:46 of 2nd period - Icing by Travis Sanheim.
13:47 of 2nd period - Evgeni Malkin wins face-off versus Jakob Silfverberg in Canadiens zone.
13:55 of 2nd period - Mike Hoffman is hit by Danny DeKeyser.
13:58 of 2nd period - Icing by Danny DeKeyser.
13:59 of 2nd period - Nicklas Backstrom wins face-off versus Ilya Kovalchuk in Canadiens zone.
14:03 of 2nd period - Minor Penalty to Ilya Kovalchuk for Boarding.
14:04 of 2nd period - Evgeni Malkin wins face-off versus Nick Shore in Canadiens zone.
14:07 of 2nd period - Shot by Ryan Suter.
14:07 of 2nd period - Stopped by Tuukka Rask with a rebound.
14:13 of 2nd period - Shot by Ryan Suter.
14:13 of 2nd period - Shot Blocked by Ivan Provorov.
14:15 of 2nd period - Shot by Ryan Suter.
14:15 of 2nd period - Stopped by Tuukka Rask without a rebound.
14:16 of 2nd period - Nicklas Backstrom wins face-off versus Nick Shore in Canadiens zone.
14:27 of 2nd period - Shot by Travis Konecny.
14:27 of 2nd period - Stopped by Tuukka Rask with a rebound.
14:29 of 2nd period - Shot by Damon Severson.
14:29 of 2nd period - Shot Hit the Post.
14:31 of 2nd period - Shot by Mike Hoffman.
14:31 of 2nd period - Deflect By Nicklas Backstrom.
14:31 of 2nd period - Shot Misses the Net.
15:06 of 2nd period - Cale Makar is hit by Valeri Nichushkin and loses puck.
15:55 of 2nd period - Shot by Damon Severson.
15:55 of 2nd period - Shot Blocked by Ivan Provorov.
15:59 of 2nd period - Shot by Nicklas Backstrom.
15:59 of 2nd period - Shot Misses the Net.
16:01 of 2nd period - Shot by Damon Severson.
16:01 of 2nd period - Stopped by Tuukka Rask with a rebound.
17:06 of 2nd period - Shot by Zack Smith.
17:06 of 2nd period - Shot Misses the Net.
17:08 of 2nd period - Shot by Justin Schultz.
17:08 of 2nd period - Shot Misses the Net.
17:10 of 2nd period - Shot by Tyler Bozak.
17:10 of 2nd period - Goal by Tyler Bozak - Canadiens : 1 - Devils : 1.
17:11 of 2nd period - Nicklas Backstrom wins face-off versus Colin White in neutral zone.
18:03 of 2nd period - Shot by Sam Reinhart.
18:03 of 2nd period - Stopped by Tuukka Rask without a rebound.
18:04 of 2nd period - Evgeni Malkin wins face-off versus Auston Matthews in Canadiens zone.
18:18 of 2nd period - Minor Penalty to Nate Schmidt for Hooking.
18:19 of 2nd period - Nick Shore wins face-off versus Nicklas Backstrom in Canadiens zone.
18:32 of 2nd period - Shot by Mikhail Sergachev.
18:32 of 2nd period - Stopped by Tuukka Rask without a rebound.
18:33 of 2nd period - Evgeni Malkin wins face-off versus Nick Shore in Canadiens zone.
18:34 of 2nd period - Shot by Cale Makar.
18:34 of 2nd period - Shot Misses the Net.
18:36 of 2nd period - Shot by Ryan Suter.
18:36 of 2nd period - Shot Misses the Net.
18:38 of 2nd period - Shot by Chris Kreider.
18:38 of 2nd period - Shot Misses the Net.
19:27 of 2nd period - Shot by Damon Severson.
19:27 of 2nd period - Stopped by Tuukka Rask without a rebound.
19:28 of 2nd period - Nicklas Backstrom wins face-off versus Artturi Lehkonen in Canadiens zone.
19:28 of 2nd period - Damon Severson is hit by Ivan Provorov.
19:45 of 2nd period - Off-side.
19:46 of 2nd period - Nicklas Backstrom wins face-off versus Artturi Lehkonen in neutral zone.
Goals for this period are 0 for Canadiens vs 1 for Devils.
Shots for this period are 5 for Canadiens vs 14 for Devils.

3rd period


0:01 of 3rd period - Nick Shore wins face-off versus Evgeni Malkin in neutral zone.
0:50 of 3rd period - Justin Schultz is hit by Auston Matthews and loses puck.
1:13 of 3rd period - Shot by Ilya Kovalchuk.
1:13 of 3rd period - Shot Misses the Net.
1:24 of 3rd period - Travis Sanheim is hit by Travis Konecny and loses puck.
2:02 of 3rd period - Cale Makar is hit by Ivan Provorov and loses puck.
2:06 of 3rd period - Icing by Cam Fowler.
2:07 of 3rd period - Colin White wins face-off versus Nicklas Backstrom in Canadiens zone.
2:16 of 3rd period - Shot by Tyler Ennis.
2:16 of 3rd period - Stopped by Marc-Andre Fleury without a rebound.
2:17 of 3rd period - Auston Matthews wins face-off versus Nicklas Backstrom in Devils zone.
2:22 of 3rd period - Shot by Patrick Kane.
2:22 of 3rd period - Stopped by Marc-Andre Fleury without a rebound.
2:23 of 3rd period - T.J. Oshie wins face-off versus Auston Matthews in Devils zone.
2:25 of 3rd period - Icing by Ryan Suter.
2:26 of 3rd period - Nicklas Backstrom wins face-off versus Teuvo Teravainen in Devils zone.
2:46 of 3rd period - Shot by Chris Kreider.
2:46 of 3rd period - Stopped by Tuukka Rask without a rebound.
2:47 of 3rd period - David Krejci wins face-off versus Evgeni Malkin in Canadiens zone.
2:57 of 3rd period - Icing by Niklas Hjalmarsson.
2:58 of 3rd period - Auston Matthews wins face-off versus Evgeni Malkin in Devils zone.
3:50 of 3rd period - Danny DeKeyser is hit by Sam Reinhart and loses puck.
4:01 of 3rd period - Shot by Jakob Silfverberg.
4:01 of 3rd period - Shot Misses the Net.
4:03 of 3rd period - Shot by Jakob Silfverberg.
4:03 of 3rd period - Shot Misses the Net.
4:05 of 3rd period - Shot by Travis Sanheim.
4:05 of 3rd period - Stopped by Marc-Andre Fleury without a rebound.
4:06 of 3rd period - Colin White wins face-off versus Nicklas Backstrom in Devils zone.
4:09 of 3rd period - Shot by Valeri Nichushkin.
4:09 of 3rd period - Deflect By Tyler Ennis.
4:09 of 3rd period - Stopped by Marc-Andre Fleury without a rebound.
4:10 of 3rd period - Nicklas Backstrom wins face-off versus Colin White in Devils zone.
4:26 of 3rd period - Icing by Travis Sanheim.
4:27 of 3rd period - Tyler Bozak wins face-off versus Colin White in Canadiens zone.
4:32 of 3rd period - Shot by Travis Konecny.
4:32 of 3rd period - Stopped by Tuukka Rask without a rebound.
4:33 of 3rd period - Nicklas Backstrom wins face-off versus Auston Matthews in Canadiens zone.
4:39 of 3rd period - Icing by Auston Matthews.
4:40 of 3rd period - Auston Matthews wins face-off versus Tyler Bozak in Canadiens zone.
4:46 of 3rd period - Ivan Provorov is hit by Damon Severson and loses puck.
5:09 of 3rd period - Shot by Patrick Kane.
5:09 of 3rd period - Stopped by Marc-Andre Fleury without a rebound.
5:10 of 3rd period - David Krejci wins face-off versus Evgeni Malkin in Devils zone.
5:19 of 3rd period - Shot by Ilya Kovalchuk.
5:19 of 3rd period - Shot Misses the Net.
5:27 of 3rd period - Shot by Sam Reinhart.
5:27 of 3rd period - Stopped by Tuukka Rask without a rebound.
5:28 of 3rd period - Nicklas Backstrom wins face-off versus Colin White in Canadiens zone.
5:28 of 3rd period - Cale Makar is hit by Danny DeKeyser and loses puck.
5:33 of 3rd period - Shot by Nicklas Backstrom.
5:33 of 3rd period - Shot Misses the Net.
5:35 of 3rd period - Shot by Niklas Hjalmarsson.
5:35 of 3rd period - Shot Misses the Net.
5:58 of 3rd period - Chris Kreider is hit by Travis Sanheim and loses puck.
6:03 of 3rd period - Shot by Nicklas Backstrom.
6:03 of 3rd period - Stopped by Tuukka Rask with a rebound.
6:05 of 3rd period - Shot by Nicklas Backstrom.
6:05 of 3rd period - Shot Blocked by Travis Sanheim.
6:07 of 3rd period - Shot by Cale Makar.
6:07 of 3rd period - Shot Misses the Net.
6:09 of 3rd period - Shot by Chris Kreider.
6:09 of 3rd period - Goal by Chris Kreider - Canadiens : 1 - Devils : 2.
6:10 of 3rd period - Auston Matthews wins face-off versus Evgeni Malkin in neutral zone.
6:15 of 3rd period - Justin Schultz is hit by Patrick Kane and loses puck.
7:16 of 3rd period - Shot by Travis Konecny.
7:16 of 3rd period - Shot Misses the Net.
7:18 of 3rd period - Shot by Zack Smith.
7:18 of 3rd period - Shot Blocked by Nate Schmidt.
9:03 of 3rd period - Icing by Ivan Provorov.
9:04 of 3rd period - Nick Shore wins face-off versus Brian Boyle in Canadiens zone.
9:04 of 3rd period - Nick Shore is hit by Bryan Little.
9:09 of 3rd period - Off-side.
9:10 of 3rd period - Tyler Bozak wins face-off versus Auston Matthews in neutral zone.
9:15 of 3rd period - Shot by Travis Konecny.
9:15 of 3rd period - Stopped by Tuukka Rask without a rebound.
9:16 of 3rd period - Mike Hoffman wins face-off versus Auston Matthews in Canadiens zone.
9:56 of 3rd period - Shot by Mike Hoffman.
9:56 of 3rd period - Shot Blocked by Nate Schmidt.
10:14 of 3rd period - Jakob Silfverberg is hit by Evgeni Malkin and loses puck.
10:24 of 3rd period - Ivan Provorov is hit by Tyler Bozak and loses puck.
10:37 of 3rd period - Shot by Jakob Silfverberg.
10:37 of 3rd period - Stopped by Marc-Andre Fleury without a rebound.
10:38 of 3rd period - Colin White wins face-off versus Nicklas Backstrom in Devils zone.
10:41 of 3rd period - Shot by Valeri Nichushkin.
10:41 of 3rd period - Shot Misses the Net.
11:01 of 3rd period - Shot by Colin White.
11:01 of 3rd period - Deflect By Valeri Nichushkin.
11:01 of 3rd period - Stopped by Marc-Andre Fleury without a rebound.
11:02 of 3rd period - Nick Shore wins face-off versus Tyler Bozak in Devils zone.
11:29 of 3rd period - Shot by Travis Konecny.
11:29 of 3rd period - Shot Misses the Net.
11:31 of 3rd period - Shot by Justin Schultz.
11:31 of 3rd period - Shot Blocked by Cam Fowler.
11:37 of 3rd period - Shot by Tyler Bozak.
11:37 of 3rd period - Stopped by Tuukka Rask with a rebound.
11:39 of 3rd period - Shot by Tyler Bozak.
11:39 of 3rd period - Stopped by Tuukka Rask without a rebound.
11:40 of 3rd period - Auston Matthews wins face-off versus Nicklas Backstrom in Canadiens zone.
11:49 of 3rd period - Shot by Nicklas Backstrom.
11:49 of 3rd period - Stopped by Tuukka Rask without a rebound.
11:50 of 3rd period - Evgeni Malkin wins face-off versus Ilya Kovalchuk in Canadiens zone.
11:50 of 3rd period - Evgeni Malkin is hit by Nate Schmidt.
11:58 of 3rd period - Shot by Evgeni Malkin.
11:58 of 3rd period - Stopped by Tuukka Rask without a rebound.
11:59 of 3rd period - Nicklas Backstrom wins face-off versus Auston Matthews in Canadiens zone.
12:18 of 3rd period - Shot by T.J. Oshie.
12:18 of 3rd period - Goal by T.J. Oshie - Canadiens : 1 - Devils : 3.
12:19 of 3rd period - Tyler Bozak wins face-off versus David Krejci in neutral zone.
12:31 of 3rd period - Icing by Zack Smith.
12:32 of 3rd period - Tyler Bozak wins face-off versus Auston Matthews in Devils zone.
13:03 of 3rd period - Shot by Tyler Bozak.
13:03 of 3rd period - Deflect By Travis Konecny.
13:03 of 3rd period - Stopped by Tuukka Rask without a rebound.
13:04 of 3rd period - David Krejci wins face-off versus Sam Reinhart in Canadiens zone.
13:04 of 3rd period - David Krejci is hit by Evgeni Malkin.
13:09 of 3rd period - Josh Morrissey is hit by Evgeni Malkin and loses puck.
13:11 of 3rd period - Minor Penalty to Ilya Kovalchuk for Hooking.
13:12 of 3rd period - Evgeni Malkin wins face-off versus Nick Shore in Canadiens zone.
13:20 of 3rd period - Icing by Chris Kreider.
13:21 of 3rd period - Evgeni Malkin wins face-off versus Nick Shore in Devils zone.
13:28 of 3rd period - Shot by Cale Makar.
13:28 of 3rd period - Stopped by Tuukka Rask with a rebound.
13:46 of 3rd period - Shot by T.J. Oshie.
13:46 of 3rd period - Stopped by Tuukka Rask without a rebound.
13:47 of 3rd period - Nicklas Backstrom wins face-off versus Nick Shore in Canadiens zone.
13:58 of 3rd period - Shot by Mike Hoffman.
13:58 of 3rd period - Goal by Mike Hoffman - Canadiens : 1 - Devils : 4.
13:59 of 3rd period - Brian Boyle wins face-off versus Auston Matthews in neutral zone.
15:04 of 3rd period - Shot by Ilya Kovalchuk.
15:04 of 3rd period - Stopped by Marc-Andre Fleury with a rebound.
15:12 of 3rd period - Shot by Jakob Silfverberg.
15:12 of 3rd period - Deflect By David Krejci.
15:12 of 3rd period - Stopped by Marc-Andre Fleury with a rebound.
15:14 of 3rd period - Shot by Ilya Kovalchuk.
15:14 of 3rd period - Stopped by Marc-Andre Fleury with a rebound.
15:16 of 3rd period - Shot by Jakob Silfverberg.
15:16 of 3rd period - Stopped by Marc-Andre Fleury without a rebound.
15:17 of 3rd period - Sam Reinhart wins face-off versus Colin White in Devils zone.
15:51 of 3rd period - Shot by Mike Hoffman.
15:51 of 3rd period - Shot Blocked by Danny DeKeyser.
17:07 of 3rd period - Shot by Travis Konecny.
17:07 of 3rd period - Stopped by Tuukka Rask without a rebound.
17:08 of 3rd period - Tyler Bozak wins face-off versus Auston Matthews in Canadiens zone.
17:08 of 3rd period - Cale Makar is hit by Ivan Provorov and loses puck.
17:13 of 3rd period - Shot by Zack Smith.
17:13 of 3rd period - Stopped by Tuukka Rask without a rebound.
17:14 of 3rd period - Auston Matthews wins face-off versus Sam Reinhart in Canadiens zone.
17:18 of 3rd period - Icing by Ivan Provorov.
17:19 of 3rd period - Auston Matthews wins face-off versus Evgeni Malkin in Canadiens zone.
18:24 of 3rd period - Icing by Nate Schmidt.
18:25 of 3rd period - Nicklas Backstrom wins face-off versus David Krejci in Canadiens zone.
18:41 of 3rd period - Nate Schmidt is hit by T.J. Oshie and loses puck.
18:53 of 3rd period - Icing by Niklas Hjalmarsson.
18:54 of 3rd period - Nick Shore wins face-off versus Nicklas Backstrom in Devils zone.
19:03 of 3rd period - Shot by Ivan Provorov.
19:03 of 3rd period - Shot Misses the Net.
19:05 of 3rd period - Shot by Loui Eriksson.
19:05 of 3rd period - Goal by Loui Eriksson - Canadiens : 2 - Devils : 4.
19:06 of 3rd period - Evgeni Malkin wins face-off versus Auston Matthews in neutral zone.
19:15 of 3rd period - Shot by Teuvo Teravainen.
19:15 of 3rd period - Stopped by Marc-Andre Fleury without a rebound.
19:16 of 3rd period - Tyler Bozak wins face-off versus Jakob Silfverberg in Devils zone.
19:51 of 3rd period - Shot by Jakob Silfverberg.
19:51 of 3rd period - Stopped by Marc-Andre Fleury without a rebound.
19:52 of 3rd period - Evgeni Malkin wins face-off versus Auston Matthews in Devils zone.
Goals for this period are 1 for Canadiens vs 3 for Devils.
Shots for this period are 14 for Canadiens vs 17 for Devils.